 Dungeon Crawl Stone Soup version 0.30-a0-859-gf88a04b62d (webtiles) character file.

Game seed: 9703443269679569943

1967 Demosthentine the Trooper (level 9, -11/62 HPs)
             Began as a Demonspawn Gladiator on Mar 7, 2023.
             Was a Follower of Hepliaklqana.
             Mangled by an orc knight
             ... wielding a +0 war axe
              (13 damage)
             ... in a bailey.
             The game lasted 00:10:33 (6546 turns).

Demosthentine the Trooper (Demonspawn Gladiator)    Turns: 6546, Time: 00:10:33

Health: -11/62     AC: 10    Str: 16    XL:     9   Next: 0%
Magic:  9/9        EV: 15    Int: 10    God:    Hepliaklqana [*.....]
Gold:   567        SH:  4    Dex: 17    Spells: 8/8 levels left

rFire   . . .      SeeInvis .    a - +0 trident
rCold   . . .      Faith    .    (no shield)
rNeg    . . .      Spirit   .    b - +0 leather armour
rPois   .          Reflect  .    (helmet restricted)
rElec   .          Rampage  .    (no cloak)
rCorr   .                        v - +0 pair of gloves
Will    .....                    (no boots)
Stlth   ++                       y - amulet "Atablar" {Regen+ Stlth+}
HPRegen 1.10/turn                w - +4 ring of protection
MPRegen 0.11/turn                (no ring)

@: on berserk cooldown, hasted and slowed
A: reduced essence, antennae 2, slimy green scales 1, foul stench 1,
condensation shield
a: Renounce Religion, Recall Ancestor, Ancestor Identity


You were in a bailey.
You worshipped Hepliaklqana.
Hepliaklqana was aware of your devotion.
You visited 2 branches of the dungeon, and saw 8 of its levels.
You also visited: Bailey.

You collected 1561 gold pieces.
You spent 994 gold pieces at shops.

Inventory:

Hand Weapons
 a - a +0 trident (weapon)
Missiles
 e - a javelin (quivered)
Armour
 b - a +0 leather armour (worn)
 v - a +0 pair of gloves (worn)
Jewellery
 w - a +4 ring of protection (left hand)
 y - the amulet "Atablar" (around neck) {Regen+ Stlth+}
   (You found it on level 6 of the Dungeon)

   [amulet of regeneration]

   Regen:     It increases your rate of health regeneration.
   Stlth:     It makes you more stealthy.
Wands
 k - a wand of mindburst (11)
Scrolls
 d - a scroll of enchant armour
 i - 3 scrolls of fog
 j - a scroll of fear
 o - 4 scrolls of teleportation
 q - 9 scrolls of identify
 u - a scroll of silence
Potions
 c - a potion of brilliance
 f - a potion of mutation
 h - a potion of attraction
 l - 3 potions of flight
 m - a potion of resistance
 n - 7 potions of curing
 r - 2 potions of haste
 t - a potion of ambrosia
 x - a potion of lignification


   Skills:
 + Level 6.2 Fighting
 + Level 6.0 Polearms
 - Level 1.7 Throwing
 + Level 5.1 Armour
 + Level 6.0 Dodging


You had 8 spell levels left.
You didn't know any spells.
Your spell library contained the following spells:

 Spells                   Type           Power      Damage    Failure   Level
 Sandblast                Erth           0%         2d4       41%         1
 Passwall                 Tmut/Erth      0%         N/A       56%         2
 Inner Flame              Hex/Fire       0%         N/A       80%         3
 Stone Arrow              Conj/Erth      0%         3d7       80%         3
 Cause Fear               Hex            0%         N/A       99%         4
 Discord                  Hex            0%         N/A       100%        8


Dungeon Overview and Level Annotations

Branches:
Dungeon (7/15)             Temple (1/1) D:4          Bailey (1/1)

Altars:
Ashenzari
Cheibriados
Dithmenos
Fedhas
Gozag
Hepliaklqana
Kikubaaqudgha
Makhleb
Nemelex Xobeh
Qazlal
Ru
Uskayaw
Vehumet
Wu Jian
Xom
Yredelemnul

Shops:
D:4 (!?*


Innate Abilities, Weirdness & Mutations

Your life essence is reduced to manifest your ancestor. (-10% HP)
You have a pair of antennae on your head.
You are partially covered in slimy green scales. (AC +2)
You may rarely emit foul miasma when damaged in melee.
A meltable shield of frost defends you. (SH +4)


Message History

The hobgoblin barely misses you.
The orc knight hits you with a +0 war axe!
You closely miss the orc knight.
The orc knight is lightly wounded.
The hobgoblin barely misses you.
The orc knight hits you with a +0 war axe!
The gnoll howls, "Help!"
You puncture the orc knight!
The orc knight is lightly wounded.
The hobgoblin hits you with a +0 hand axe.
You block the orc knight's attack.
You closely miss the orc knight.
The orc knight is lightly wounded.
The hobgoblin barely misses you. You block the orc knight's attack.
You hit the orc knight but do no damage.
The orc knight is lightly wounded.
You block the hobgoblin's attack.
The orc knight hits you but does no damage.
You barely miss the orc knight.
The orc knight is lightly wounded.
The hobgoblin hits you but does no damage.
The orc knight hits you but does no damage.
You hit the orc knight but do no damage.
The orc knight is lightly wounded.
The hobgoblin closely misses you. The orc knight completely misses you.
You hit the orc knight.
The orc knight is lightly wounded.
The hobgoblin hits you with a +0 hand axe.
The orc knight completely misses you.
You hit the hobgoblin but do no damage. The hobgoblin barely misses you.
The orc knight hits you with a +0 war axe!
You hit the hobgoblin but do no damage. The hobgoblin barely misses you.
The orc knight hits you with a +0 war axe!
* * * LOW HITPOINT WARNING * * *
The orc knight hits you with a +0 war axe!
* * * LOW HITPOINT WARNING * * *
You emit a cloud of foul miasma!
The orc knight attacks as you move away!
The orc knight hits you with a +0 war axe!
You die...

### ### #.###
###.### ....###
###.....###
......###.........##
.......#)..........#
......)).).........#
.).....#.....⌠.....#
.......#...........#
.......#........@..#
......###.......og##
....### ###.....#)#
#.### ###.###.....#
### ### .......!# .#
......o.?? .#
8.........? .#
+.....⌠..g.∩ .#
#8.........?


You could see an orc knight, a gnoll and a hobgoblin.

Vanquished Creatures
  Grinder (D:4)
  Edmund (D:4)
  5 orc warriors (Bailey)
  A black bear (D:4)
  4 ogres
  2 orc priests (D:5)
  A gnoll bouda (D:6)
  3 jellies (D:5)
  4 iguanas
  3 orc wizards (D:5)
  13 adders
  11 gnolls
  A shadow imp (D:5)
  A white imp (D:7)
  An ufetubus (D:6)
  2 worms (D:2)
  2 dart slugs
  36 orcs
  4 ball pythons
  3 endoplasms
  2 giant cockroaches
  12 goblins
  8 hobgoblins
  7 quokkas
  6 bats
  2 frilled lizards
  4 kobolds
  5 rats
145 creatures vanquished.

Vanquished Creatures (collateral kills)
  2 orcs
  A hobgoblin (Bailey)
  4 goblins
7 creatures vanquished.

Vanquished Creatures (others)
  3 ancestors (Bailey)
3 creatures vanquished.

Grand Total: 155 creatures vanquished

Notes
Turn   | Place    | Note
-------+----------+-------------------------------------------
     0 | D:1      | Demosthentine the Demonspawn Gladiator began the quest for
                  | the Orb.
     0 | D:1      | Reached XP level 1. HP: 16/16 MP: 1/1
   200 | D:1      | You fall into a shaft and drop 1 floor!
   226 | D:2      | Gained mutation: A meltable shield of frost defends you.
                  | (SH +4) [demonic ancestry]
   226 | D:2      | Reached XP level 2. HP: 7/22 MP: 2/2
   759 | D:1      | Found a faded altar of an unknown god.
   954 | D:1      | Reached skill level 1 in Armour
  1105 | D:1      | Gained mutation: You are partially covered in slimy green
                  | scales. (AC +2) [demonic ancestry]
  1105 | D:1      | Reached XP level 3. HP: 28/28 MP: 3/3
  2069 | D:3      | Found a hide-covered altar of Uskayaw.
  2089 | D:3      | Gained mutation: You have a pair of small antennae on your
                  | head. [demonic ancestry]
  2089 | D:3      | Reached XP level 4. HP: 34/34 MP: 4/4
  2743 | D:4      | Noticed Edmund
  2743 | D:4      | Found Bituteats's Magic Scroll Emporium.
  2778 | D:4      | Killed Edmund
  2779 | D:4      | Gained mutation: You may rarely emit foul miasma when
                  | damaged in melee. [demonic ancestry]
  2779 | D:4      | Reached XP level 5. HP: 16/41 MP: 5/5
  2902 | D:4      | Found Dantivoxa's Distillery.
  3043 | D:4      | Found Ozxeiha's Weapon Boutique.
  3368 | D:4      | Found Guocruan's Assorted Antiques.
  3373 | D:4      | Bought a scroll labelled EXKAEDUOMAU for 24 gold pieces
  3373 | D:4      | Noticed a black bear
  3381 | D:4      | Killed a black bear
  3382 | D:4      | Gained mutation: You have a pair of antennae on your head.
                  | [demonic ancestry]
  3382 | D:4      | Reached XP level 6. HP: 48/48 MP: 6/6
  3475 | D:4      | Found a stormy altar of Qazlal.
  3476 | D:4      | Noticed a fire elemental
  3476 | D:4      | Noticed a water elemental
  3476 | D:4      | Noticed an air elemental
  3492 | D:4      | Found a staircase to the Ecumenical Temple.
  3494 | D:4      | Noticed Grinder
  3519 | Temple   | Entered the Ecumenical Temple
  3567 | Temple   | Became a worshipper of Hepliaklqana the Forgotten
  3660 | D:4      | Killed Grinder
  3661 | D:4      | Reached XP level 7. HP: 36/54 MP: 7/7
  4055 | D:4      | Bought a potion of heal wounds for 65 gold pieces
  4055 | D:4      | Bought a potion of curing for 39 gold pieces
  4055 | D:4      | Bought a potion of curing for 39 gold pieces
  4055 | D:4      | Bought a potion of curing for 39 gold pieces
  4081 | D:4      | Bought a scroll of identify for 28 gold pieces
  4081 | D:4      | Bought a scroll of identify for 28 gold pieces
  4086 | D:5      | Entered Level 5 of the Dungeon
  4565 | D:5      | Found a runed translucent door.
  4617 | D:5      | Reached skill level 5 in Fighting
  4617 | D:5      | Reached skill level 5 in Dodging
  4617 | D:5      | Reached XP level 8. HP: 33/62 MP: 8/8
  4767 | D:5      | Identified the +4 mace of Fixteewn {heavy, Int-3 Dex+8}
  4836 | D:4      | Bought a potion of might for 52 gold pieces
  4916 | D:5      | Reached skill level 5 in Polearms
  5093 | D:5      | Identified a scroll of acquirement
  5093 | D:5      | Acquired 1146 gold pieces
  5156 | D:4      | Bought a scroll of identify for 28 gold pieces
  5156 | D:4      | Bought a scroll of enchant armour for 105 gold pieces
  5156 | D:4      | Bought a scroll of identify for 28 gold pieces
  5156 | D:4      | Bought a scroll of teleportation for 42 gold pieces
  5156 | D:4      | Bought a scroll of fear for 56 gold pieces
  5156 | D:4      | Bought a scroll of teleportation for 42 gold pieces
  5156 | D:4      | Bought a scroll of magic mapping for 105 gold pieces
  5232 | D:4      | Bought a scroll of identify for 48 gold pieces
  5232 | D:4      | Bought a scroll of identify for 48 gold pieces
  5232 | D:4      | Bought a scroll of identify for 48 gold pieces
  5295 | D:4      | Bought a potion of haste for 130 gold pieces
  5679 | D:6      | Identified the amulet "Atablar" {Regen+ Stlth+}
  5998 | D:6      | Reached * piety under Hepliaklqana
  6244 | D:7      | Identified the +1 spear of Causality {protect, *Noise
                  | Will++ Int+3 Stlth+}
  6291 | D:7      | Found a flagged portal.
  6309 | Bailey   | Entered a bailey
  6462 | Bailey   | Reached skill level 5 in Armour
  6513 | Bailey   | Noticed an orc knight
  6521 | Bailey   | Reached XP level 9. HP: 62/62 MP: 9/9
  6545 | Bailey   | HP: 2/62 [orc knight/+0 war axe (8)]
  6546 | Bailey   | Mangled by an orc knight

Illustrated notes

Levels and vault maps discovered:
D:1:      saegor_arrival_simple_b, layout_basic,
          hellmonk_ecumenical_altar_run_dry, chequers_serial_rivers_marsh
D:2:      layout_basic
D:3:      layout_loops_cross, mainiacjoe_overflow_paths, dreamdust_wishing_well
D:4:      layout_loops_corners, nicolae_qazlal_style_of_elements,
          minmay_temple_entry_statues, serial_shops, nicolae_shop_trees, shop,
          nicolae_shop_crystal, nicolae_stop_n_shop_2, nicolae_half_adder,
          uniq_edmund, uniq_grinder
D:5:      layout_rooms, lightli_church_of_beogh
D:6:      layout_basic, kennysheep_mini_moat, mainiacjoe_overflow_brackets,
          roderic_roman_lattice
D:7:      layout_loops_cross, enter_bailey_4, minmay_misc_feat_roman
Temple:   hellmonk_temple_of_storms
Bailey:   bailey_axe_minmay_hex_keep, bailey

Skill      XL: |  1  2  3  4  5  6  7  8  9 |
---------------+----------------------------+-----
Polearms       | 3 4 5 6 |  6.0
Dodging        | 3 4 5 6 |  6.0
Armour         | 1 2 3 4 5 |  5.1
Fighting       | 3 4 5 6 |  6.2
Throwing       | |  1.7

Action                     |  1- 3 |  4- 6 |  7- 9 || total
---------------------------+-------+-------+-------++-------
  Melee: Trident           |   112 |   152 |   426 ||   690
         Punch             |       |       |     2 ||     2
  Throw: Throwing net      |       |     4 |     1 ||     5
    Use: Scroll            |    11 |     2 |    11 ||    24
         Potion            |       |     5 |     4 ||     9
   Stab: Sleeping          |     3 |     2 |     1 ||     6
         Held in net/web   |       |     3 |     1 ||     4
         Distracted        |       |       |     1 ||     1
 Armour: Leather armour    |    37 |    19 |    66 ||   122
  Dodge: Dodged            |    66 |    65 |   236 ||   367
  Block: Other             |    20 |    18 |    72 ||   110

Table legend: (Time is in decaauts)
 A = Elapsed time spent in this place.
 B = Non-inter-level travel time spent in this place.
 C = Inter-level travel time spent in this place.
 D = Time resting spent in this place.
 E = Time spent auto-exploring this place.
 F = Levels seen in this place.
 G = Mean time per level.
                   A        B        C        D        E       F      G
               +--------+--------+--------+--------+--------+-----+--------+
         Total |   6600 |   6064 |    536 |    207 |   4451 |   9 |  733.3 |
       Dungeon |   6297 |   5761 |    536 |    194 |   4362 |   7 |  899.6 |
        Temple |     69 |     69 |      0 |      0 |     22 |   1 |   69.0 |
        Bailey |    233 |    233 |      0 |     13 |     67 |   1 |  233.0 |
               +--------+--------+--------+--------+--------+-----+--------+

Top non-repeatable levels by time:
     D:4: 1565 daAuts
     D:2: 1194 daAuts
     D:5: 982 daAuts
     D:6: 880 daAuts
     D:1: 874 daAuts
     D:3: 696 daAuts
  Bailey: 233 daAuts
     D:7: 102 daAuts
  Temple: 69 daAuts
